Cogmind - Beta 13 X1 @@@ ROGUE MODE // 2023.08.15 @ 15:45:33 Player: f3-rnm Result: Self-destructed Performance ------------- Evolutions (2) 1000 Regions Visited (6) 1200 Robots Destroyed (45) 225 Value Destroyed (1505) 1505 Prototype IDs (23) 460 Alien Tech Used (0) 0 Bonus (427) 427 TOTAL SCORE: 4817 Bonus ------- High Alert Combat Kills 118 Follower Combat Kills 54 Aligned with FarCom 300 Friendly Fire -45 Cogmind --------- Core Integrity 394/550 Matter 300/300 Energy 43/100 System Corruption 1% Temperature Warning (324) Movement Rolling (110) Ox2 Location -8/Storage Parts ------- > --- POWER (1) -------- (None) > --- PROPULSION (4) --- Wheel > --- UTILITY (4) ------ Heat Sink Small Storage Unit Improved Signal Interpreter Improved Propulsion Shielding > --- WEAPON (2) ------- Firepult > --- INVENTORY (8) ---- Aluminum Leg Terrain Scanner Small Laser Peak State ------------ > --- POWER ------------ Improved Ion Engine > --- PROPULSION ------- Wheel > --- UTILITY ---------- Small Storage Unit Improved Signal Interpreter Improved Propulsion Shielding Utility Shielding > --- WEAPON ----------- Firepult > --- INVENTORY -------- Aluminum Leg Heat Sink Terrain Scanner Small Laser [Rating: 31] Favorites ----------- Power Light Nuclear Core Engine Light Ion Engine Power Core Light Nuclear Core Propulsion Light Treads Treads Light Treads Leg Aluminum Leg Wheel Wheel Utility Small Storage Unit Device Heat Sink Storage Small Storage Unit Processor Targeting Computer Protection Improved Propulsion Shielding Weapon Small Laser Energy Gun Small Laser Energy Cannon Firepult Launcher Rocket Launcher Special Weapon Plasma Flamer Build | -11 -10 -10 -10 -9 -8 -8 ------- Run | Jun Mat Min Exi Min Mat Sto Slots Evolved 4 | . . . . . 4 . Power . | . . . . . . . Propulsion 2 | . . . . . 2 . Utility 2 | . . . . . 2 . Weapon . | . . . . . . . Parts Attached 40 | 6 13 6 1 6 1 7 Power 6 | 1 1 1 . 1 . 2 Engine 3 | 1 1 . . . . 1 Core 3 | . . 1 . 1 . 1 Reactor . | . . . . . . . Propulsion 13 | 2 8 2 . . . 1 Treads 10 | 2 6 2 . . . . Leg 2 | . 2 . . . . . Wheel 1 | . . . . . . 1 Hover . | . . . . . . . Flight . | . . . . . . . Utility 7 | 1 1 . 1 . 1 3 Device 2 | . . . 1 . . 1 Storage 1 | 1 . . . . . . Processor 2 | . 1 . . . 1 . Hackware . | . . . . . . . Protection 2 | . . . . . . 2 Artifact . | . . . . . . . Weapon 14 | 2 3 3 . 5 . 1 Energy Gun 7 | 2 3 2 . . . . Energy Cannon 3 | . . . . 2 . 1 Ballistic Gun . | . . . . . . . Ballistic Cannon . | . . . . . . . Launcher 2 | . . 1 . 1 . . Special Weapon 2 | . . . . 2 . . Impact Weapon . | . . . . . . . Slashing Weapon . | . . . . . . . Piercing Weapon . | . . . . . . . Special Melee Weapon . | . . . . . . . Unidentified Prototypes . | . . . . . . . Parts Lost 10 | . 2 . . 4 1 3 Power 5 | . 1 . . 1 1 2 Propulsion 3 | . 1 . . 1 . 1 Utility . | . . . . . . . Weapon 2 | . . . . 2 . . Highest Loss Streak 3 | . 1 . . 3 1 1 To Critical Strikes . | . . . . . . . Average Slot Usage (%) 82 | . 73 97 90 67 37 52 Engine 1 | . 4 . . . . 3 Core 9 | . . 11 14 13 9 3 Treads 19 | . 22 17 28 21 9 2 Leg 4 | . 1 10 . . . . Storage 13 | . 14 14 14 14 9 9 Processor 8 | . 5 14 5 . 1 9 Energy Gun 19 | . 24 24 28 6 . . Energy Cannon 1 | . . . . 2 . 8 Launcher 1 | . . 3 . 1 . . Special Weapon 1 | . . . . 7 9 . Naked Turns . | . . . . . . . Heaviest Build 37 | 10 10 15 12 32 13 37 Greatest Support 40 | 40 40 40 40 40 20 20 Greatest Overweight (x) 3 | . 1 . . . . 3 Average Overweight (x) . | . . . . . . 2 Largest Inventory Capacity 8 | 8 8 8 8 8 8 8 Average Capacity 7 | 6 8 8 8 8 8 8 Most Carried 8 | 4 8 8 8 8 8 8 Average Carried 7 | 2 6 7 7 7 8 3 Final Capacity 8 | 8 8 8 8 8 8 8 Final Carried 8 | 4 8 8 8 8 8 3 Class Distribution -------------------- 63% | Mutant 36% | Scavenger-Mutant Dominant Class ---------------- Mutant | -10/Materials Mutant | -10/Mines Scavenger-Mutant | -10/Exiles Mutant | -9/Mines Mutant | -8/Materials Mutant | -8/Storage Resources | -11 -10 -10 -10 -9 -8 -8 ----------- Run | Jun Mat Min Exi Min Mat Sto Matter Collected 836 | . 396 189 . 168 . 83 Remotely . | . . . . . . . Salvage Created 1483 | . 246 163 . 186 . 888 Parts 67 | . 10 15 . 14 . 28 Haulers Intercepted . | . . . . . . . Recyclers Shooed 3 | . 1 . . 1 . 1 Parts Field Recycled . | . . . . . . . Retrieved Matter . | . . . . . . . Parts Self-Destructed . | . . . . . . . Prevented . | . . . . . . . Kills | -11 -10 -10 -10 -9 -8 -8 ------- Run | Jun Mat Min Exi Min Mat Sto Combat Hostiles Destroyed 36 | . 5 6 . 9 . 16 Guns 8 | . 5 3 . . . . Cannons 2 | . . . . . . 2 AOE 20 | . . 3 . 9 . 8 Classes Destroyed 9 | . 3 2 . 1 . 3 Worker 4 | . . 1 . 1 . 2 Builder 2 | . . . . . . 2 Tunneler 1 | . . . . 1 . . Recycler 1 | . 1 . . . . . Watcher 1 | . . . . . . 1 Swarmer 8 | . 2 3 . 3 . . Grunt 22 | . 3 2 . 6 . 11 Protector 1 | . . . . . . 1 Sentry 5 | . . 1 . . . 4 Best Kill Streak 7 | . 3 5 . 7 . 5 Combat Bots Only 6 | . 3 5 . 6 . 5 Max Kills in Single Turn 3 | . 2 2 . 2 . 3 Gunslinging 1 | . 1 . . . . . Exploded 2 | . . 2 . 2 . 2 Melee . | . . . . . . . Uniques/NPCs Destroyed . | . . . . . . . Combat | -11 -10 -10 -10 -9 -8 -8 -------- Run | Jun Mat Min Exi Min Mat Sto Damage Taken 1659 | . 381 144 . 349 51 734 Core 352 | . 107 14 . 75 . 156 Absorbed by Shields . | . . . . . . . Redirected to Shielding 25 | . . . . . . 25 Core Remaining (%) 60 | 100 . . . 21 . . Volleys Fired 75 | . 24 21 . 13 . 17 Largest 2 | . 2 2 . 2 . 1 Hottest 250 | . 80 80 . 250 . 250 Shots Fired 120 | . 46 42 . 16 . 16 Gun 89 | . 46 40 . 3 . . Cannon 18 | . . . . 3 . 15 Launcher 8 | . . 2 . 6 . . Special 5 | . . . . 4 . 1 Kinetic . | . . . . . . . Thermal 112 | . 46 40 . 10 . 16 Explosive 8 | . . 2 . 6 . . Electromagnetic . | . . . . . . . Robot Hit Streak 14 | . 14 7 . 4 . 8 Robot Miss Streak 5 | . 3 5 . 3 . 5 Penetration Max . | . . . . . . . Secondary Targets 3 | . 3 . . . . . Max Gunslinging Chain 1 | . 1 . . . . . Shots Hit Robots 72 | . 36 19 . 8 . 9 Core Hits 84 | . 14 12 . 19 . 39 Critical Kills . | . . . . . . . Critical Parts Destroyed . | . . . . . . . Critical Strikes . | . . . . . . . Melee Attacks . | . . . . . . . Impact . | . . . . . . . Slashing . | . . . . . . . Piercing . | . . . . . . . Sneak Attacks . | . . . . . . . Combat Hostiles . | . . . . . . . Follow-up Attacks . | . . . . . . . Damage Inflicted 3196 | . 405 442 . 731 . 1618 Guns 691 | . 405 286 . . . . Cannons 362 | . . . . 17 . 345 Explosions 2103 | . . 156 . 674 . 1273 Melee . | . . . . . . . Ramming . | . . . . . . . Kinetic . | . . . . . . . Thermal 2523 | . 405 286 . 214 . 1618 Explosive 673 | . . 156 . 517 . . Electromagnetic . | . . . . . . . Impact . | . . . . . . . Slashing . | . . . . . . . Piercing . | . . . . . . . Highest Corruption 1 | . . . . . . 1 Average Corruption 1 | . . . . . . 1 Corruption Purged . | . . . . . . . Corruption Blocked . | . . . . . . . Effects 2 | . . . . . . 2 Matter Fused 1 | . . . . . . 1 Weapon Failures 1 | . . . . . . 1 Overload Shots . | . . . . . . . Overflow Damage 64 | . . . . 57 . 7 Projectiles . | . . . . . . . Explosions 64 | . . . . 57 . 7 Melee . | . . . . . . . Knockbacks . | . . . . . . . Impact . | . . . . . . . Kinetic . | . . . . . . . Secondary . | . . . . . . . Self-Inflicted Damage 179 | . . 36 . 131 . 12 Shots 7 | . . 1 . 5 . 1 Rammed . | . . . . . . . Targets Rammed . | . . . . . . . Kicked . | . . . . . . . Crushed . | . . . . . . . Highest Temperature 448 | . 222 72 . 448 . 433 Average Temperature 108 | . 74 26 . 124 . 171 Received Heat Transfer 681 | . 156 42 . 114 36 333 Effects 4 | . . . . 2 . 2 Shutdowns 1 | . . . . . . 1 Interference 1 | . . . . . . 1 Matter Decay 1 | . . . . 1 . . Short Circuit 1 | . . . . 1 . . Siege Activations . | . . . . . . . Robots Corrupted . | . . . . . . . Combat Hostiles . | . . . . . . . Parts Fried . | . . . . . . . Impact Corruptions . | . . . . . . . Robots Melted 6 | . . . . . . 6 Combat Hostiles 6 | . . . . . . 6 Parts Melted 43 | . 1 2 . 2 . 38 Heat Transferred 10381 | . 925 650 . 850 . 7956 Parts Sabotaged . | . . . . . . . Parts Stolen . | . . . . . . . Parts Stripped . | . . . . . . . Power Chain Reactions . | . . . . . . . Missiles Intercepted . | . . . . . . . Alert | -11 -10 -10 -10 -9 -8 -8 ------- Run | Jun Mat Min Exi Min Mat Sto Peak Influence 749 | . 115 132 . 284 47 749 Initial 44 | . . 44 . . 32 15 Average 120 | . 29 70 . 157 32 431 Maximum Alert Level 3 | . . . . 1 . 3 Low Security (%) 79 | 100 100 100 . 41 100 12 Level 1 11 | . . . . 58 . 17 Level 2 8 | . . . . . . 68 Level 3 . | . . . . . . 1 Level 4 . | . . . . . . . Level 5 . | . . . . . . . High Security . | . . . . . . . Max Security . | . . . . . . . Squads Dispatched 9 | . 2 . . . . 7 Investigation 2 | . . . . . . 2 Extermination . | . . . . . . . Reinforcement 5 | . 2 . . . . 3 Assault 1 | . . . . . . 1 Garrison 1 | . . . . . . 1 Intercept . | . . . . . . . Searches Triggered . | . . . . . . . Construction Impeded 1 | . . . . . . 1 Haulers Reinforced . | . . . . . . . Active Scanning Responses . | . . . . . . . Cargo Convoy Interrupts . | . . . . . . . Stealth | -11 -10 -10 -10 -9 -8 -8 --------- Run | Jun Mat Min Exi Min Mat Sto Distress Signals 4 | . 1 . . . . 3 Communications Jammed . | . . . . . . . Distress Signals . | . . . . . . . Times Spotted 53 | . 15 9 . 7 4 18 Peak Tracking Total 6 | . 5 4 . 5 4 6 Tactical Retreats 1 | . 1 . . . . . Traps | -11 -10 -10 -10 -9 -8 -8 ------- Run | Jun Mat Min Exi Min Mat Sto Traps Triggered 5 | . 4 . . . . 1 Indirectly . | . . . . . . . Trap Hack Attempts . | . . . . . . . Triggered . | . . . . . . . Disarmed . | . . . . . . . Reprogrammed . | . . . . . . . Reused . | . . . . . . . Traps Extracted . | . . . . . . . Installed 1 | . . . 1 . . . Triggered . | . . . . . . . Most Traps Carried 2 | . . 2 1 . . . Machines | -11 -10 -10 -10 -9 -8 -8 ---------- Run | Jun Mat Min Exi Min Mat Sto Machines Disabled 10 | . . 1 . 2 . 7 Max in Single Turn 2 | . . 1 . 2 . 2 Garrison Access 1 | . . . . . . 1 Machines Repaired . | . . . . . . . Machines Sabotaged . | . . . . . . . Overloaded Fab Kills . | . . . . . . . Hacking | -11 -10 -10 -10 -9 -8 -8 --------- Run | Jun Mat Min Exi Min Mat Sto Machines Accessed 5 | . 2 . 1 . . 2 Terminals 3 | . 1 . . . . 2 Fabricators . | . . . . . . . Repair Stations . | . . . . . . . Recycling Units 1 | . 1 . . . . . Scanalyzers . | . . . . . . . Garrison Access . | . . . . . . . Total Hacks 10 | . 4 . 1 . . 5 Successful 3 | . 1 . 1 . . 1 Failed 7 | . 3 . . . . 4 Catastrophic 3 | . 1 . . . . 2 Database Lockouts . | . . . . . . . Manual 2 | . . . 1 . . 1 Terminals 7 | . 2 . . . . 5 Fabricators . | . . . . . . . Repair Stations . | . . . . . . . Recycling Units 2 | . 2 . . . . . Scanalyzers . | . . . . . . . Garrison Access . | . . . . . . . Terminal Hacks 2 | . . . 1 . . 1 Alert Level 1 | . . . . . . 1 Derelict Proto ID Bank 1 | . . . 1 . . . Fabricator Hacks . | . . . . . . . Repair Station Hacks . | . . . . . . . Recycling Unit Hacks 1 | . 1 . . . . . Retrieve Components 1 | . 1 . . . . . Scanalyzer . | . . . . . . . Garrison Access Hacks . | . . . . . . . Unauthorized Hacks . | . . . . . . . Terminals . | . . . . . . . Fabricators . | . . . . . . . Repair Stations . | . . . . . . . Recycling Units . | . . . . . . . Scanalyzers . | . . . . . . . Garrison Access . | . . . . . . . Data Cores Recovered . | . . . . . . . Used . | . . . . . . . Hacking Detections 3 | . 1 . . . . 2 Full Trace Events 2 | . . . . . . 2 Feedback Events 1 | . . . . . . 1 Corruption 1 | . . . . . . 1 Feedback Blocked . | . . . . . . . Robot Schematics Acquired . | . . . . . . . Robots Built . | . . . . . . . Authchips . | . . . . . . . Time . | . . . . . . . Total Robot Build Rating . | . . . . . . . Part Schematics Acquired . | . . . . . . . Parts Built . | . . . . . . . Authchips . | . . . . . . . Time . | . . . . . . . Total Part Build Rating . | . . . . . . . Parts Repaired . | . . . . . . . Time . | . . . . . . . Parts Recycled . | . . . . . . . Recycled Matter . | . . . . . . . Retrieved Matter . | . . . . . . . Retrieved Components 1 | . 1 . . . . . Parts Scanalyzed . | . . . . . . . Part Schematics Acquired . | . . . . . . . Parts Damaged . | . . . . . . . Bothacking | -11 -10 -10 -10 -9 -8 -8 ------------ Run | Jun Mat Min Exi Min Mat Sto Used RIF Installer . | . . . . . . . Robots Hacked . | . . . . . . . Non-combat . | . . . . . . . Combat . | . . . . . . . Robot Hacks Applied . | . . . . . . . Relay Couplers Released 1 | . . . . . . 1 Machine Destruction 1 | . . . . . . 1 Fabnet Peak Effective % . | . . . . . . . Robots Rewired . | . . . . . . . Allies Hacked . | . . . . . . . Hacks Repelled . | . . . . . . . Allies | -11 -10 -10 -10 -9 -8 -8 -------- Run | Jun Mat Min Exi Min Mat Sto Total Allies 4 | . . 4 . . . . Largest Group 4 | . . 4 . . . . Highest-Rated Group 71 | . . 71 . . . . Highest-Rated Ally 31 | . . 31 . . . . Total Orders . | . . . . . . . Ally Attacks 14 | . . 14 . . . . Total Damage 162 | . . 162 . . . . Kills 4 | . . 4 . . . . Allies Corrupted . | . . . . . . . Allies Melted . | . . . . . . . Intel | -11 -10 -10 -10 -9 -8 -8 ------- Run | Jun Mat Min Exi Min Mat Sto Robot Analysis Total . | . . . . . . . Derelict Logs Recovered 1 | . . 1 . . . . Drone Launches . | . . . . . . . Drone Recoveries . | . . . . . . . Exploration | -11 -10 -10 -10 -9 -8 -8 ------------- Run | Jun Mat Min Exi Min Mat Sto Turns Passed 3471 | 68 565 1329 634 454 56 365 Spaces Moved 2060 | 47 305 822 393 250 35 208 Core 55 | 20 35 . . . . . Treads 1455 | 27 246 475 393 250 35 29 Legs 371 | . 24 347 . . . . Wheels 179 | . . . . . . 179 Hover . | . . . . . . . Flight . | . . . . . . . Fastest Speed 50 | 50 100 120 160 160 160 110 Average Speed 148 | 113 149 143 160 160 160 133 Slowest Speed 240 | 160 160 160 160 160 160 240 Overloaded Moves . | . . . . . . . Propulsion Burnouts . | . . . . . . . Robots Hopped . | . . . . . . . Cave-ins Triggered . | . . . . . . . Exploration Rate (%) 41 | 3 32 96 62 62 5 33 Regions Visited 6 Branch Regions 4 Pre-discovered Areas 1 | . . 1 . . . . Known Exits Taken 1 | . . . . . 1 . Unknown Exits Taken 5 | 1 1 1 1 1 . . Scrap Searched 2 | . . 2 . . . . Spaces Dug . | . . . . . . . Terrain Destroyed 201 | . . 20 . 87 . 94 Melee . | . . . . . . . Projectile 4 | . . . . . . 4 AOE 197 | . . 20 . 87 . 90 Terrain Rammed . | . . . . . . . Walls Destroyed . | . . . . . . . Machines Disabled . | . . . . . . . Actions | -11 -10 -10 -10 -9 -8 -8 --------- Run | Jun Mat Min Exi Min Mat Sto Total 2369 | 62 372 935 400 287 35 278 Wait 136 | . 6 75 1 13 . 41 Move 2054 | 46 304 821 392 249 34 208 Hop . | . . . . . . . Pick Up 41 | 10 19 5 1 3 . 3 Fast Attach 6 | . 1 2 1 1 1 . Attach 28 | 6 10 1 . 4 . 7 Detach 1 | . . . . 1 . . Swap 6 | . 2 3 . 1 . . Drop 21 | . 6 7 4 2 . 2 Fire 75 | . 24 21 . 13 . 17 Melee . | . . . . . . . Ram . | . . . . . . . Kick . | . . . . . . . Crush . | . . . . . . . Escape Stasis . | . . . . . . . Rewire . | . . . . . . . Trap 1 | . . . 1 . . . Miscellaneous . | . . . . . . . Route ------- -11/Junkyard -10/Materials -10/Mines (discovered 4 exits: [*Mat x2] / *Exi / [*Sub]) -10/Exiles (discovered 2 exits: [*Min x2]) -9/Mines -8/Materials -8/Storage History --------- Turn | Location | Event 5 | -11/Junkyard | Discovered new exit (range 16) 69 | -11/Junkyard | Entered Materials 312 | -10/Materials | Build established: Mutant 443 | -10/Materials | Discovered new exit (range 12) 634 | -10/Materials | Entered Mines 644 | -10/Mines | Discovered new exit (range 10) 699 | -10/Mines | Discovered new exit (range 4) 752 | -10/Mines | Received a Rocket Launcher from a helpful Derelict 862 | -10/Mines | Found a hidden stash of uninstalled traps 927 | -10/Mines | Assisted by bots powering up and referring to "LRC-V3" 998 | -10/Mines | Received a Mining Laser from a helpful Derelict 1403 | -10/Mines | Discovered new exit (range 11) 1428 | -10/Mines | Build established: Scavenger-Mutant 1492 | -10/Mines | Learned location of Mines (-9) 1729 | -10/Mines | Build established: Mutant 1955 | -10/Mines | Deemed a non-threat by the Exiles lab entrance 1956 | -10/Mines | Discovered new exit (range 5) 1963 | -10/Mines | Entered Exiles 2003 | -10/Exiles | Discovered new exit (range 15) 2040 | -10/Exiles | Met 8R-AWN 2063 | -10/Exiles | Met EX-HEX 2078 | -10/Exiles | Build established: Scavenger-Mutant 2107 | -10/Exiles | Met EX-BIN 2127 | -10/Exiles | Aligned with FarCom system 2128 | -10/Exiles | Given EX-Vault access code 2167 | -10/Exiles | Opened EX-Vault 2177 | -10/Exiles | Found Firepult 2201 | -10/Exiles | Found Chronowheel 2201 | -10/Exiles | Activated Chronowheel 2218 | -10/Exiles | Warned about trapping Exiles lab 2252 | -10/Exiles | Warned to stay clear of 0b10 Research branches 2332 | -10/Exiles | Met EX-DEC 2386 | -10/Exiles | Discovered new exit (range 14) 2597 | -10/Exiles | Left Exiles lab with Firepult 2597 | -10/Exiles | Entered Mines 2718 | -9/Mines | Core integrity fell below 50% 2759 | -9/Mines | Lost 3 parts (1p2w) 2781 | -9/Mines | A weapon hastily lodged in a ceiling crevice suddenly fell to the ground 3031 | -9/Mines | Discovered new exit (range 14) 3033 | -9/Mines | Build established: Mutant 3051 | -9/Mines | Entered Materials 3051 | -8/Materials | Evolved 4 slots: Propulsion x2, Utility x2 3051 | -8/Materials | Discovered new exit (range 14) 3106 | -8/Materials | Identified exit to Storage 3107 | -8/Materials | Entered Storage 3134 | -8/Storage | Garrison activated, responded to threat 3472 | -8/Storage | Self-destructed Last Messages --------------- 03345_ Y-45 Defender critical meltdown. 03345_ Beam Rifle melted. 03345_ Hvy. Assault Rifle melted. 03351_ K-01 Serf collects debris. 03355_ Acquired 30 matter. 03358_ Acquired 5 matter. 03360_ K-01 Serf collects debris. 03371_ U-05 Engineer lays Concrete. 03377_ U-05 Engineer builds a Door. 03377_ U-05 Engineer lays Concrete. 03459_ G-47 Trooper critical meltdown. 03459_ Particle Gun melted. 03459_ K-01 Serf sends out distress signal. 03465_ Compression Vault explodes. 03469_ Imp. Ion Engine destroyed. 03470_ G-47 Trooper critical meltdown. 03470_ Particle Gun melted. 03470_ Aluminum Leg melted. 03471_ G-47 Trooper critical meltdown. 03471_ Imp. Heat Sink melted. Map ----- +----------------------------------------------------+ | ?????????????????????????????????????????????????? | | ?????????????????????????????????????????????????? | | ?????????????????????????????????????????????????? | | ?????????????????????????????????????????????????? | | ??#####??????????????????????????????????????????? | | ??# #????????????????????##????????????????????? | | ??# #?????????????#######T###??????????????????? | | ??# #?????????????# #??????????????????? | | ??# #??????????#### #??????????????????? | | ??# #??????????#""" """ " #??????????????????# | | ??# ##""##?????#"R """ #??????????????## | | ??# |+ T#?????#""" "" #??????????????# " | | ??# # ##????????# #???????????????# " | | ??# #####?????????# #???????????????# " | | ?## ##????????????# ######????????????? | | ?# ################ # ##### ############### | | ?# | | ?# = gg | | ?# % % | | ## [= # "######### = ####+################# | | # %% #" #?????# % # #???????????? | | # # "T" #?????? g # """" #?????????? | | # # #??????# # "??"" #???????? | | # % # ######## #g "???"" #??????# | | # ## + + ""???" #??????# | | ###%= ## """"" ######+##@## ""??" #??????###### | | ?## ## """"" #???# ## """" #???????????? | | # # """"" #???# """## #???????????? | | ## # #???# """############????Y??????? | | ? % # #########???# """#??????????????????????? | | "G * ###???????????# """#??????????????????????? | | """ #?????????????# """#??????????????????????? | | ### +?????????????# #??????????????????????? | | ??# #?????????????#######??????????????????????? | | ??# #??????????????????????????????????????????? | | ???%[ #??????????????????????????????????????????? | | ???*%% ??????????????????????????????????????????? | | ??? =% ??????????????????????????????????????????? | | ??? #??????????????????????????????????????????? | | ??? #??????????????????????????????????????????? | | ??? ??????????????????????????????????????????? | | ??? ???????????????????????????????????????????? | | ?????????????????????????????????????????????????? | | ?????????????????????????????????????????????????? | | ?????????????????????????????????????????????????? | | ?????????????????????????????????????????????????? | | ?????????????????????????????????????????????????? | | ?????????????????????????????????????????????????? | | ?????????????????????????????????????????????????? | | ?????????????????????????????????????????????????? | +----------------------------------------------------+ Best States ------------- Heat Dissipation 41 Energy Generation 14 Energy Capacity 265 Matter Stores 300 Matter Capacity 300 Sight Range 16 Terrain Scan Density 10 Propulsion Shielding 66 Utility Shielding 33 Evasion (%) 55 Targeting Accuracy 5 Recoil Reduction 2 Item Schematics ----------------- None Robot Schematics ------------------ None Fabricated ------------ Nothing Alien Tech Used ----------------- None Achievements -------------- None Challenges ------------ None Game ------ Seed HardcellNetworkNukerbomber Manual? 0 Play Time 00:18:03 Cumulative 60.4 hours Start 2023.08.15 @ 15:24:03 End 2023.08.15 @ 15:45:33 Sessions 1 Manual Loads 0 Difficulty Rogue Special Mode None Game No. 53 Rogue 17 Adventurer 36 Explorer 0 Win Type - Total 6 Types 1/0/5/0/0/0/0/0/0 Lore% 42 Gallery% 63 Achievement% 53 Wizard Run 0 Options --------- ASCII 0 Keyboard 0 Movement Mouse Keybinds 0 Fullscreen 1 Font 18/SmallcapsGlow Map View 76x50 Tactical HUD 1 Map Filters NONE Filters NONE Steam 1 RUN: 572bf9c7-6b49-40bd-913b-6af4de470273